 Dungeon Crawl Stone Soup version 0.19-a0-1655-gdd95918 (webtiles) character file.

86 Arcaner the Ruffian (level 4, -3/66 HPs)
             Began as a Troll Berserker on Sept 21, 2016.
             Was a Believer of Trog.
             Slain by a hippogriff (5 damage)
             ... on level 3 of the Dungeon.
             The game lasted 00:07:43 (1691 turns).

Arcaner the Ruffian (Troll Berserker)               Turns: 1691, Time: 00:07:44

Health: -3/66      AC:  6    Str: 30    XL:     4   Next: 26%
Magic:  3/3        EV: 10    Int:  3    God:    Trog [**....]
Gold:   69         SH:  0    Dex: 10    Spells: 0 memorised, 3 levels left

rFire  . . .     SeeInvis .       - Unarmed
rCold  . . .     Gourm    +     a - +0 animal skin
rNeg   . . .     Faith    +     (no shield)
rPois  .         Spirit   .     (helmet restricted)
rElec  .         Dismiss  .     j - +0 cloak (curse)
rCorr  .         Reflect  .     (gloves unavailable)
MR     .....     Harm     .     (boots unavailable)
Stlth  ..........               l - amulet of faith
                                (no ring)
                                (no ring)

@: berserking, very quick
A: unfitting armour, claws 3, fast metabolism 3, gourmand, regeneration 1,
shaggy fur 1, tough skin 2
a: Berserk, Trog's Hand, Burn Spellbooks, Renounce Religion


You were on level 3 of the Dungeon.
You worshipped Trog.
Trog was pleased with you.
You were not hungry.

You visited 1 branch of the dungeon, and saw 3 of its levels.

You collected 69 gold pieces.

Inventory:

Hand Weapons
 e - a +0 whip
Missiles
 d - 6 tomahawks of dispersal (quivered)
Armour
 a - a +0 animal skin (worn)
 j - a cursed +0 cloak (worn)
Jewellery
 l - an amulet of faith (around neck)
Scrolls
 i - a scroll of remove curse {unknown}
 n - a scroll of identify
Potions
 f - a potion of ambrosia
 g - a potion of might {unknown}
 h - 2 potions of flight
 k - a potion of berserk rage {unknown}
 m - a potion of agility {unknown}
Comestibles
 b - 4 bread rations
 c - a meat ration


   Skills:
 + Level 2.7 Fighting
 + Level 2.6 Dodging
 * Level 4.7 Unarmed Combat


You had 3 spell levels left.
You didn't know any spells.

Dungeon Overview and Level Annotations

Branches:
Dungeon (3/15)

Altars:
Elyvilon


Innate Abilities, Weirdness & Mutations

You are too large for most types of armour.
You have claws for hands.
Your metabolism is lightning-fast.
You like to eat raw meat.
Your natural rate of healing is unusually fast.
You are covered in fur. (AC +1)
You have very tough skin. (AC +2)


Message History

The hippogriff is severely wounded.
The hippogriff barely misses you. x2; The hippogriff claws you.
You barely miss the hippogriff.
The hippogriff is severely wounded.
The hippogriff closely misses you. The hippogriff pecks you.
The hippogriff claws you but does no damage.
You claw the hippogriff!
The hippogriff is almost dead.
You closely miss the hippogriff.
The hippogriff is almost dead.
The hippogriff bites you!
* * * LOW HITPOINT WARNING * * *
The hippogriff pecks you.
* * * LOW HITPOINT WARNING * * *
The hippogriff barely misses you.
A red film seems to cover your vision as you go berserk!
You feel yourself moving faster!
You feel mighty! The hippogriff bites you.
* * * LOW HITPOINT WARNING * * *
The hippogriff barely misses you. The hippogriff claws you.
You die...

#...♣..♣..♣ ###
#....♣...♣. #..
#....♣♣.♣♣. #.#
#......♣... #.#
#.......... #.#
#..........
#.#####..........
########.....#######)###
......H@.###.........#
########## ###########


You could see a hippogriff.

Vanquished Creatures
  2 adders (D:2)
  4 worms
  3 dart slugs
  A leopard gecko (D:3)
  4 orcs (D:3)
  2 ball pythons
  5 bats
  A giant cockroach (D:2)
  4 goblins
  3 hobgoblins
  4 kobolds
  4 quokkas
  5 frilled lizards
  5 rats
47 creatures vanquished.

Notes
Turn   | Place    | Note
-------+----------+-------------------------------------------
     0 | D:1      | Arcaner the Troll Berserker began the quest for the Orb.
     0 | D:1      | Reached XP level 1. HP: 22/22 MP: 0/0
   142 | D:1      | Reached XP level 2. HP: 29/29 MP: 1/1
   695 | D:2      | Reached skill level 4 in Unarmed Combat
   695 | D:2      | Reached XP level 3. HP: 31/36 MP: 2/2
  1361 | D:2      | Reached ** piety under Trog
  1388 | D:3      | Reached XP level 4. HP: 44/44 MP: 3/3
  1512 | D:3      | Found a white marble altar of Elyvilon.
  1679 | D:3      | Noticed a hippogriff
  1691 | D:3      | HP: 2/66 [hippogriff (5)]
  1691 | D:3      | Slain by a hippogriff

Vault maps used:
D:1:      kennysheep_arrival_forest
D:2:      mumra_celtic_spiral_tile
D:3:      lemuel_doored_altar, makhleb_blood_cavern_becter,
          kennysheep_generic_room_2

Skill      XL: |  1  2 |
---------------+-------+-----
Unarmed Combat | 4 |  4.7
Fighting       | |  2.7
Dodging        | |  2.6

Action                   |  1- 3 |  4- 6 || total
-------------------------+-------+-------++-------
Melee: Unarmed           |   112 |    32 ||   144
Invok: Berserk           |     2 |     1 ||     3
  Use: Scroll            |     4 |       ||     4
       Potion            |     1 |       ||     1
  Eat: Chunk             |    10 |     4 ||    14
       Meat ration       |     1 |       ||     1
Armor: Animal skin       |    37 |    14 ||    51
Dodge: Dodged            |    54 |    15 ||    69
